 Dungeon Crawl Stone Soup version 0.30-a0-930-gb9d0489357 (webtiles) character file.

Game seed: 12763128888739077950

438 Darkkill the Shooter (level 6, 0/55 HPs)
             Began as a Minotaur Hunter on Mar 23, 2023.
             Slain by an ice beast (4 damage)
             ... on level 5 of the Dungeon.
             The game lasted 00:06:35 (3264 turns).

Darkkill the Shooter (Minotaur Hunter)              Turns: 3264, Time: 00:06:35

Health: 0/55       AC:  3    Str: 16    XL:     6   Next: 69%
Magic:  5/5        EV: 13    Int:  6    God:
Gold:   237        SH:  0    Dex: 15    Spells: 5/5 levels left

rFire   . . .      SeeInvis .    a - +1 shortbow
rCold   . . .      Faith    .    (shield currently unavailable)
rNeg    . . .      Spirit   .    c - +0 leather armour
rPois   .          Reflect  .    (helmet restricted)
rElec   .          Rampage  .    (no cloak)
rCorr   .                        (no gloves)
Will    .....                    (no boots)
Stlth   ++                       g - amulet of the acrobat
HPRegen 0.29/turn                (no ring)
MPRegen 0.09/turn                (no ring)

@: lethally poisoned (0 -> -3)
A: horns 2, retaliatory headbutt
a: no special abilities


You were on level 5 of the Dungeon.
You visited 1 branch of the dungeon, and saw 5 of its levels.

You collected 237 gold pieces.

Inventory:

Hand Weapons
 a - a +1 shortbow (weapon)
Missiles
 i - 45 stones
 k - 5 atropa-tipped darts
Armour
 c - a +0 leather armour (worn)
Jewellery
 g - an amulet of the acrobat (around neck)
Wands
 e - a wand of roots (11)
Scrolls
 b - 4 scrolls of immolation
 j - a scroll of fog {unknown}
 m - a scroll of amnesia
Potions
 d - a potion of invisibility {unknown}
 f - a potion of curing {@q1}
 h - a potion of cancellation {unknown}
 l - 2 potions of attraction
 n - a potion of might {unknown}
 o - a potion of flight {unknown}
 q - 2 potions of mutation


   Skills:
 + Level 4.8 Fighting
 + Level 5.8 Ranged Weapons
 + Level 4.4 Dodging
 + Level 3.1 Stealth


You had 5 spell levels left.
You didn't know any spells.
Your spell library contained the following spells:

 Spells                   Type           Power      Damage    Failure   Level
 Tukima's Dance           Hex            0%         N/A       88%         3
 Passage of Golubria      Tloc           0%         N/A       99%         4
 Yara's Violent Unravell  Hex/Tmut       0%         3d3       100%        5


Dungeon Overview and Level Annotations

Branches:
Dungeon (5/15)             Temple (0/1) D:4

Altars:

Portals:
Sewer: D:5


Innate Abilities, Weirdness & Mutations

You have a pair of horns on your head.
You reflexively headbutt those who attack you in melee.


Message History

You furiously retaliate!
You headbutt the hound, but do no damage.
The ogre hits you with a +0 giant spiked club!!
* * * LOW HITPOINT WARNING * * *
The hound bites you.
* * * LOW HITPOINT WARNING * * *
You feel much better. The hound bites you. The ogre barely misses you.
You furiously retaliate!
You headbutt the ogre! You shoot an arrow. The arrow hits the ogre.
You kill the ogre!
The hound closely misses you. The hound bites you.
Your Stealth skill increases to level 3!
The hound completely misses you. You furiously retaliate!
You headbutt the hound.
You kill the hound!
Things that are here:
a +0 giant spiked club; an ogre corpse
Things that are here:
a +0 giant spiked club; an ogre corpse You hear the slow rusting of a drain nearby.
You hear the slow rusting of a drain nearby.
HP restored.
A bat comes into view.
Found a scroll labelled WAMEFI RYUDUS.
You see here a wand of roots (11).
You shoot an arrow. The arrow hits the bat.
The bat is heavily wounded.
A bat is nearby!
You shoot an arrow. The arrow misses the bat.
The bat barely misses you.
You shoot an arrow. The arrow closely misses the bat.
The bat hits you but does no damage.
You shoot an arrow. The arrow hits the bat!
You kill the bat!
No target in view!
No target in view!
No target in view!
A bat comes into view.
The bat moves out of view.
e - a wand of roots (11)
A river rat comes into view.
Found a glowing drain.
The bat completely misses you. You furiously retaliate!
You headbutt the bat!
You kill the bat!
You enter the shallow water.
Moving in this stuff is going to be slow.
You see here a scroll labelled WAMEFI RYUDUS.
j - a scroll labelled WAMEFI RYUDUS You enter the shallow water.
Moving in this stuff is going to be slow.
You shoot an arrow. The arrow hits the river rat.
The river rat is heavily wounded.
The river rat closely misses you. The river rat completely misses you.
You shoot an arrow. The arrow hits the river rat.
The river rat is almost dead.
You hear the rusting of a drain.
The river rat barely misses you.
You shoot an arrow.
The arrow hits the river rat but does no damage.
The river rat is almost dead.
The river rat barely misses you.
You shoot an arrow.
The arrow hits the river rat but does no damage.
The river rat is almost dead.
The river rat bites you!
You shoot an arrow. The arrow closely misses the river rat.
The river rat bites you. The river rat closely misses you.
You shoot an arrow. The arrow hits the river rat.
You kill the river rat!
An adder comes into view.
The adder hisses angrily.
An ice beast comes into view.
You shoot an arrow. The arrow closely misses the adder.
The adder bites you. The adder misses you.
You shoot an arrow. The arrow hits the adder.
The adder is heavily wounded.
The adder misses you. You furiously retaliate!
You headbutt the adder, but do no damage.
You shoot an arrow. The arrow misses the adder.
The adder bites you.
You are poisoned.
The adder poisons you! The adder closely misses you.
You feel sick. The adder completely misses you. The adder bites you.
You shoot an arrow. The arrow barely misses the ice beast.
You feel sick.
The ice beast hits you but does no damage.
The adder misses you.
You shoot an arrow. The arrow closely misses the ice beast.
You feel sick. The adder bites you but does no damage.
The ice beast closely misses you. The adder bites you.
You shoot an arrow. The arrow hits the ice beast.
The ice beast is lightly wounded.
You feel sick. The ice beast closely misses you. The adder bites you.
You are more poisoned.
The adder poisons you! The ice beast hits you. The ice beast freezes you!
You shoot an arrow. The arrow barely misses the ice beast.
You feel sick. The adder barely misses you. The adder misses you.
The ice beast hits you.
* * * LOW HITPOINT WARNING * * *
The ice beast freezes you!
* * * LOW HITPOINT WARNING * * *
You shoot an arrow. The arrow closely misses the ice beast.
You feel sick. The adder barely misses you. The ice beast hits you.
You die...

..# ...#.#
).#####.#.#############
..##..................
..#..##.#.##..........
....###.#.##.##~≈.~~# #
..###
#.#.##.##~~.~~##.# ...
....##.~≈.....≈~.# ...#
#.#.##~~~.....~~.# ...#
#.#.......@Y..~~.# ##.#
#.####.~~~.S..~~.# ..
#.~≈....~~~.# .#
#.##~≈~~~##..
#.##~~~~~# .
#..........
#########... .... ...


You could see an ice beast and an adder.

Vanquished Creatures
  An ogre (D:5)
  A phantom (D:3)
  A jelly (D:4)
  A hound (D:5)
  An orc priest (D:3)
  2 orc wizards (D:3)
  A river rat (D:5)
  3 adders
  A worm (D:3)
  3 dart slugs
  6 orcs
  5 ball pythons
  7 bats
  9 endoplasms
  5 giant cockroaches
  6 goblins
  8 hobgoblins
  8 jackals
  A quokka (D:2)
  2 frilled lizards
  6 kobolds
  8 rats (D:2)
86 creatures vanquished.

Notes
Turn   | Place    | Note
-------+----------+-------------------------------------------
     0 | D:1      | Darkkill the Minotaur Hunter began the quest for the Orb.
     0 | D:1      | Reached XP level 1. HP: 18/18 MP: 0/0
    32 | D:1      | Reached skill level 1 in Stealth
    92 | D:1      | Reached XP level 2. HP: 25/25 MP: 1/1
   679 | D:2      | Reached XP level 3. HP: 31/31 MP: 2/2
  1132 | D:2      | Found a faded altar of an unknown god.
  1331 | D:3      | Noticed a phantom
  1345 | D:3      | Killed a phantom
  1346 | D:3      | Reached skill level 5 in Ranged Weapons
  1346 | D:3      | Reached XP level 4. HP: 31/40 MP: 3/3
  1352 | D:3      | Reached XP level 5. HP: 30/46 MP: 4/4
  1595 | D:3      | HP: 9/46 [something (4)]
  1600 | D:3      | HP: 6/46 [something (1)]
  1605 | D:3      | HP: 4/46 [something (1)]
  2383 | D:4      | Reached XP level 6. HP: 48/52 MP: 5/5
  2664 | D:4      | Found a staircase to the Ecumenical Temple.
  3100 | D:5      | Entered Level 5 of the Dungeon
  3122 | D:5      | HP: 8/53 [ogre/+0 giant spiked club (18)]
  3238 | D:5      | Found a glowing drain.
  3254 | D:5      | Noticed an ice beast
  3263 | D:5      | HP: 4/55 [ice beast (8)]
  3264 | D:5      | Slain by an ice beast

Illustrated notes

Levels and vault maps discovered:
D:1:      amcnicky_arrival_feature_with_door, layout_loops_cross
D:2:      minmay_door_path, layout_basic, ebering_ecumenical_altar_box
D:3:      cheibrodos_pilgrimage, layout_basic
D:4:      layout_gridville, minmay_temple_entry_trees, kennysheep_nondescript
D:5:      layout_basic, mainiacjoe_overflow_brackets,
          nicolae_sif_muna_condensation, cheibrodos_sewer_entry_sluice,
          grunt_ministairs_8, uniq_duvessa

Skill      XL: |  1  2  3  4  5  6 |
---------------+-------------------+-----
Stealth        | 1 2 3 |  3.1
Fighting       | 3 4 |  4.8
Dodging        | 3 4 |  4.4
Ranged Weapons | 5 |  5.8

Action                     |  1- 3 |  4- 6 || total
---------------------------+-------+-------++-------
   Fire: Shortbow          |    89 |   142 ||   231
    Use: Scroll            |     5 |     4 ||     9
         Potion            |     3 |     2 ||     5
 Armour: Leather armour    |     8 |    16 ||    24
  Dodge: Dodged            |    36 |    56 ||    92

Table legend: (Time is in decaauts)
 A = Elapsed time spent in this place.
 B = Non-inter-level travel time spent in this place.
 C = Inter-level travel time spent in this place.
 D = Time resting spent in this place.
 E = Time spent auto-exploring this place.
 F = Levels seen in this place.
 G = Mean time per level.
                   A        B        C        D        E       F      G
               +--------+--------+--------+--------+--------+-----+--------+
         Total |   3330 |   3227 |    103 |      0 |   2722 |   5 |  666.0 |
       Dungeon |   3330 |   3227 |    103 |      0 |   2722 |   5 |  666.0 |
               +--------+--------+--------+--------+--------+-----+--------+

Top non-repeatable levels by time:
     D:3: 1012 daAuts
     D:4: 792 daAuts
     D:2: 726 daAuts
     D:1: 627 daAuts
     D:5: 172 daAuts

Table legend:
 A = Kills in this place as a percentage of kills in the entire game.
 B = Kills by you in this place as a percentage of kills by you in the entire game.
 C = Kills by friends in this place as a percentage of kills by friends in the entire game.
 D = Other kills in this place as a percentage of other kills in the entire game.
 E = Experience gained in this place as a percentage of experience gained in the entire game.
 F = Experience gained in this place divided by the number of levels of this place that you have seen.
                   A       B       C       D       E      F
               +-------+-------+-------+-------+-------+----------------------
         Total | 100.0 | 100.0 |   N/A |   N/A | 100.0 | 125.4
       Dungeon | 100.0 | 100.0 |   N/A |   N/A | 100.0 | 125.4
               +-------+-------+-------+-------+-------+----------------------
